AoeStats
← CaptainThomas

Golden Pit

503119495Analyzed
1v1 RM · 1mo ago on Aug 30, 2026· 27m 6s· 2 players
Game mode
Random Map
Map size
Tiny (2 player)
Population
200
Speed
Normal
Resources
Standard
Victory
Conquest
Starting age
Dark Age
Ending age
Imperial Age
RankedLock teamsTeams togetherTeam positionsShared explorationLock speedFull tech treeHidden civsTurbo modeCheats
Victory
Defeat
🇫🇷 Franks · France
1615
+17
🇲🇦 Aztecs · Morocco
1628
-17
CaptainThomas
10:34 Feudal Age
9:47 Loom
11:16 Double-Bit Axe
14:30 Wheelbarrow
19:42 Castle Age
18:26 Forging
18:43 Scale Barding Armor
19:47 Light Cavalry
20:52 Chain Barding Armor
22:31 Gold Mining
23:30 Bow Saw
mohtal
4:44 Loom
11:45 Feudal Age
17:16 Castle Age
22:13 Arson
22:34 Town Watch
Connection lost

Rejoining the realm…

Still unreachable

The connection could not be restored.

Session expired

The server has moved on; the page needs a fresh start.